[ AOE2 MATCH · #495304523 ]
UnrankedCelts vs Magyars
Player's team · WIN
Rival team · LOSS
[ REPLAY ANALYSIS · EXTRACTED FROM THE RECORDED GAME ]
Feudal
9:30
Castle
21:29
Imperial
43:28
| APM avg | 56.8 |
| APM peak | 90 |
| eAPM avg | 29.8 |
| Villagers / military | 204 / 433 |
Focus
⚔️ 37.6% · 🌾 62.4%
Spearman ×165 · Skirmisher ×104 · Scout Cavalry ×67 · Archer ×50 · Battering Ram ×18 · Trebuchet (Packed) ×12
Feudal
8:54
Castle
22:48
Imperial
42:17
| APM avg | 62.7 |
| APM peak | 91 |
| eAPM avg | 33.4 |
| Villagers / military | 298 / 322 |
Focus
⚔️ 43.7% · 🌾 56.3%
Scout Cavalry ×120 · Cavalry Archer ×116 · Archer ×60 · Mangonel ×10 · Trebuchet (Packed) ×7 · Skirmisher ×3
Match map
Initial resources + every placement click. Lines = walls · curves = elevation contours. ◆ gold · ⬟ stone · ● berries · ✦ relic · ◌ wall gap
Your base· Open — 3t gap
link_chaos's base· Open — 5t gap
Smoothed initial terrain · ◌ = detected wall gap · hover for details
Inputs per minute
— se7e - - link_chaos
Build order — se7e
First 150 of 881 actions detected
| 0:00 | Create | Villager (Male) |
| 0:00 | Create | Villager (Male) |
| 0:01 | Create | Villager (Male) |
| 0:02 | Build | House |
| 0:03 | Build | House |
| 1:01 | Create | Villager (Male) |
| 1:31 | Create | Villager (Male) |
| 1:31 | Create | Villager (Male) |
| 2:00 | Create | Villager (Male) |
| 2:16 | Build | Lumber Camp |
| 2:21 | Create | Villager (Male) |
| 2:22 | Create | Villager (Male) |
| 2:45 | Create | Villager (Male) |
| 3:04 | Create | Villager (Male) |
| 3:04 | Create | Villager (Male) |
| 3:25 | Build | House |
| 3:37 | Create | Villager (Male) |
| 4:03 | Create | Villager (Male) |
| 4:12 | Build | House |
| 4:31 | Create | Villager (Male) |
| 4:48 | Build | Mill |
| 4:59 | Create | Villager (Male) |
| 4:59 | Create | Villager (Male) |
| 5:36 | Create | Villager (Male) |
| 5:36 | Create | Villager (Male) |
| 6:03 | Create | Villager (Male) |
| 6:06 | Build | Barracks |
| 6:06 | Create | Villager (Male) |
| 6:18 | Research | Loom |
| 7:20 | Research | Feudal Age |
| 7:27 | Build | Mining Camp |
| 7:43 | Create | Militia |
| 7:43 | Create | Militia |
| 8:18 | Create | Militia |
| 8:39 | Create | Militia |
| 8:40 | Create | Militia |
| 9:05 | Create | Villager (Male) |
| 9:09 | Build | House |
| 9:11 | Build | Palisade Wall |
| 9:30 | Age | Feudal Age |
| 9:33 | Research | Man-at-Arms (upgrade) |
| 9:33 | Research | Double-Bit Axe |
| 9:34 | Create | Villager (Male) |
| 9:38 | Build | Archery Range |
| 9:55 | Build | Farm |
| 10:07 | Create | Spearman |
| 10:13 | Create | Villager (Male) |
| 10:16 | Build | Farm |
| 10:31 | Create | Villager (Male) |
| 10:34 | Create | Skirmisher |
| 10:49 | Build | House |
| 10:49 | Build | House |
| 10:52 | Build | Palisade Wall |
| 11:02 | Create | Archer |
| 11:03 | Create | Villager (Male) |
| 11:06 | Create | Spearman |
| 11:25 | Create | Skirmisher |
| 11:26 | Create | Villager (Male) |
| 11:33 | Build | Palisade Wall |
| 11:43 | Build | Palisade Wall |
| 11:49 | Build | House |
| 11:57 | Create | Archer |
| 11:58 | Create | Villager (Male) |
| 12:27 | Build | Farm |
| 12:31 | Create | Archer |
| 12:33 | Create | Villager (Male) |
| 12:38 | Build | House |
| 12:50 | Build | Palisade Wall |
| 12:54 | Create | Villager (Male) |
| 12:58 | Create | Spearman |
| 12:58 | Create | Villager (Male) |
| 13:09 | Build | Palisade Wall |
| 13:13 | Create | Villager (Male) |
| 13:33 | Build | Blacksmith |
| 13:42 | Create | Skirmisher |
| 13:42 | Create | Villager (Male) |
| 13:49 | Build | Palisade Wall |
| 13:56 | Build | Farm |
| 13:56 | Create | Villager (Male) |
| 14:03 | Create | Skirmisher |
| 14:03 | Create | Villager (Male) |
| 14:10 | Build | Farm |
| 14:20 | Create | Archer |
| 14:23 | Build | House |
| 14:36 | Create | Villager (Male) |
| 14:38 | Build | Farm |
| 14:45 | Create | Archer |
| 14:45 | Create | Villager (Male) |
| 14:49 | Build | Farm |
| 15:02 | Build | Farm |
| 15:09 | Create | Archer |
| 15:11 | Build | House |
| 15:28 | Build | Farm |
| 15:35 | Build | House |
| 15:38 | Build | House |
| 15:48 | Build | Farm |
| 15:49 | Create | Villager (Male) |
| 15:59 | Build | Farm |
| 16:16 | Create | Villager (Male) |
| 16:16 | Create | Villager (Male) |
| 16:34 | Build | Farm |
| 16:38 | Build | Farm |
| 16:41 | Build | Farm |
| 16:54 | Create | Archer |
| 16:55 | Create | Villager (Male) |
| 16:58 | Build | House |
| 17:05 | Build | Farm |
| 17:06 | Build | Farm |
| 17:37 | Create | Villager (Male) |
| 18:01 | Create | Archer |
| 18:06 | Build | Market |
| 18:17 | Build | Lumber Camp |
| 18:24 | Create | Archer |
| 18:43 | Create | Archer |
| 18:49 | Research | Castle Age |
| 19:07 | Build | Archery Range |
| 19:13 | Build | House |
| 19:17 | Create | Archer |
| 19:17 | Create | Archer |
| 19:44 | Create | Archer |
| 19:45 | Create | Archer |
| 19:50 | Build | Lumber Camp |
| 19:55 | Create | Archer |
| 19:56 | Create | Archer |
| 19:57 | Build | Farm |
| 20:16 | Research | Padded Archer Armor |
| 20:17 | Research | Fletching |
| 20:20 | Research | Fletching |
| 20:20 | Research | Fletching |
| 20:22 | Research | Gold Mining |
| 20:24 | Research | Horse Collar |
| 20:24 | Research | Horse Collar |
| 20:28 | Build | Farm |
| 20:36 | Create | Archer |
| 20:36 | Create | Archer |
| 20:49 | Create | Archer |
| 21:29 | Age | Castle Age |
| 21:32 | Build | House |
| 21:35 | Build | House |
| 21:37 | Research | Crossbowman (upgrade) |
| 21:37 | Research | Bodkin Arrow |
| 21:38 | Research | Bodkin Arrow |
| 21:43 | Build | House |
| 21:48 | Create | Villager (Male) |
| 21:48 | Create | Villager (Male) |
| 22:07 | Build | House |
| 22:20 | Create | Villager (Male) |
| 22:25 | Create | Archer |
| 22:25 | Create | Archer |
| 22:33 | Create | Villager (Male) |
Build order — link_chaos
First 150 of 955 actions detected
| 0:01 | Create | Villager (Male) |
| 0:01 | Create | Villager (Male) |
| 0:03 | Build | House |
| 0:04 | Build | House |
| 0:06 | Create | Villager (Male) |
| 0:06 | Create | Villager (Male) |
| 0:06 | Create | Villager (Male) |
| 1:33 | Create | Villager (Male) |
| 1:57 | Create | Villager (Male) |
| 1:57 | Create | Villager (Male) |
| 2:16 | Build | Lumber Camp |
| 2:20 | Build | Lumber Camp |
| 2:21 | Create | Villager (Male) |
| 2:35 | Create | Villager (Male) |
| 2:36 | Create | Villager (Male) |
| 2:46 | Create | Villager (Male) |
| 3:07 | Build | House |
| 3:11 | Create | Villager (Male) |
| 3:11 | Create | Villager (Male) |
| 3:30 | Create | Villager (Male) |
| 3:51 | Create | Villager (Male) |
| 3:51 | Create | Villager (Male) |
| 4:02 | Create | Villager (Male) |
| 4:02 | Create | Villager (Male) |
| 4:25 | Create | Villager (Male) |
| 4:56 | Create | Villager (Male) |
| 4:56 | Create | Villager (Male) |
| 5:05 | Create | Villager (Male) |
| 5:06 | Create | Villager (Male) |
| 5:13 | Build | Mill |
| 6:01 | Research | Loom |
| 6:44 | Research | Feudal Age |
| 7:20 | Create | Villager (Male) |
| 7:29 | Build | Palisade Wall |
| 7:30 | Build | Palisade Wall |
| 7:30 | Build | Palisade Wall |
| 7:33 | Build | Palisade Wall |
| 7:34 | Build | Palisade Wall |
| 7:35 | Build | Palisade Wall |
| 7:37 | Build | Palisade Wall |
| 7:51 | Build | Palisade Wall |
| 7:56 | Create | Villager (Male) |
| 7:58 | Build | Palisade Wall |
| 8:14 | Build | Barracks |
| 8:27 | Create | Villager (Male) |
| 8:45 | Build | Palisade Wall |
| 8:47 | Create | Villager (Male) |
| 8:52 | Build | Palisade Gate |
| 8:54 | Age | Feudal Age |
| 9:04 | Build | Stable |
| 9:09 | Build | Palisade Wall |
| 9:10 | Create | Villager (Male) |
| 9:16 | Create | Spearman |
| 9:21 | Build | House |
| 9:26 | Research | Town Watch |
| 9:42 | Research | Double-Bit Axe |
| 9:42 | Create | Villager (Male) |
| 9:43 | Create | Villager (Male) |
| 9:50 | Build | House |
| 9:53 | Create | Scout Cavalry |
| 9:53 | Create | Scout Cavalry |
| 10:13 | Create | Scout Cavalry |
| 10:15 | Build | House |
| 10:31 | Create | Villager (Male) |
| 10:44 | Create | Villager (Male) |
| 10:54 | Build | Farm |
| 10:56 | Build | Farm |
| 11:07 | Create | Scout Cavalry |
| 11:08 | Create | Villager (Male) |
| 11:21 | Create | Villager (Male) |
| 11:26 | Build | Farm |
| 11:27 | Build | Farm |
| 11:32 | Create | Scout Cavalry |
| 11:43 | Build | Farm |
| 11:43 | Create | Villager (Male) |
| 12:07 | Build | Mining Camp |
| 12:22 | Create | Villager (Male) |
| 12:32 | Create | Villager (Male) |
| 12:44 | Create | Villager (Male) |
| 12:51 | Build | Archery Range |
| 12:54 | Build | House |
| 13:01 | Build | House |
| 13:11 | Build | Farm |
| 13:15 | Create | Villager (Male) |
| 13:33 | Build | Farm |
| 13:43 | Create | Villager (Male) |
| 13:48 | Build | Watch Tower |
| 13:53 | Create | Archer |
| 13:53 | Create | Archer |
| 13:58 | Create | Scout Cavalry |
| 14:00 | Build | Farm |
| 14:01 | Create | Villager (Male) |
| 14:02 | Create | Villager (Male) |
| 14:03 | Create | Villager (Male) |
| 14:12 | Build | Farm |
| 14:26 | Build | House |
| 14:29 | Create | Villager (Male) |
| 14:35 | Create | Archer |
| 14:48 | Create | Villager (Male) |
| 14:52 | Build | Lumber Camp |
| 14:58 | Build | House |
| 14:59 | Create | Archer |
| 15:08 | Create | Villager (Male) |
| 15:24 | Create | Villager (Male) |
| 15:24 | Create | Villager (Male) |
| 15:35 | Build | Farm |
| 15:35 | Create | Archer |
| 15:52 | Create | Villager (Male) |
| 16:16 | Build | Blacksmith |
| 16:26 | Create | Scout Cavalry |
| 16:45 | Build | Farm |
| 16:48 | Build | Farm |
| 16:51 | Build | Farm |
| 16:53 | Create | Archer |
| 17:00 | Create | Villager (Male) |
| 17:10 | Research | Fletching |
| 17:11 | Create | Archer |
| 17:12 | Create | Villager (Male) |
| 17:12 | Create | Villager (Male) |
| 17:19 | Build | Farm |
| 17:22 | Build | Archery Range |
| 17:24 | Build | Farm |
| 17:59 | Create | Villager (Male) |
| 17:59 | Create | Villager (Male) |
| 18:03 | Create | Villager (Male) |
| 18:03 | Create | Villager (Male) |
| 18:11 | Create | Archer |
| 18:12 | Create | Archer |
| 18:15 | Create | Archer |
| 18:16 | Create | Archer |
| 18:18 | Create | Villager (Male) |
| 18:22 | Build | Farm |
| 18:23 | Build | Farm |
| 18:46 | Build | Market |
| 18:48 | Create | Archer |
| 18:48 | Create | Archer |
| 19:05 | Create | Villager (Male) |
| 19:13 | Build | House |
| 19:15 | Create | Archer |
| 19:16 | Create | Archer |
| 20:08 | Research | Castle Age |
| 20:11 | Create | Archer |
| 20:11 | Create | Archer |
| 20:30 | Create | Archer |
| 20:30 | Create | Archer |
| 20:36 | Research | Horse Collar |
| 20:46 | Build | House |
| 20:48 | Build | Palisade Wall |
| 20:58 | Research | Padded Archer Armor |
| 21:04 | Build | House |
Match timeline
| 6:06 | se7e · first_building Barracks |
| 7:29 | link_chaos · wall_segment Palisade Wall x1 |
| 7:30 | link_chaos · wall_segment Palisade Wall x1 |
| 7:30 | link_chaos · wall_segment Palisade Wall x1 |
| 7:33 | link_chaos · wall_segment Palisade Wall x1 |
| 7:34 | link_chaos · wall_segment Palisade Wall x1 |
| 7:35 | link_chaos · wall_segment Palisade Wall x1 |
| 7:37 | link_chaos · wall_segment Palisade Wall x1 |
| 7:51 | link_chaos · wall_segment Palisade Wall x6 |
| 7:58 | link_chaos · wall_segment Palisade Wall x5 |
| 8:14 | link_chaos · first_building Barracks |
| 8:45 | link_chaos · wall_segment Palisade Wall x1 |
| 8:54 | link_chaos · age_up feudal |
| 9:04 | link_chaos · first_building Stable |
| 9:09 | link_chaos · wall_segment Palisade Wall x1 |
| 9:11 | se7e · wall_segment Palisade Wall x7 |
| 9:30 | se7e · age_up feudal |
| 9:38 | se7e · first_building Archery Range |
| 10:52 | se7e · wall_segment Palisade Wall x3 |
| 11:33 | se7e · wall_segment Palisade Wall x6 |
| 11:43 | se7e · wall_segment Palisade Wall x7 |
| 12:50 | se7e · wall_segment Palisade Wall x1 |
| 12:51 | link_chaos · first_building Archery Range |
| 13:09 | se7e · wall_segment Palisade Wall x7 |
| 13:49 | se7e · wall_segment Palisade Wall x3 |
| 18:48 | se7e · first_market_buy 100 food |
| 19:54 | link_chaos · first_market_sell 500 wood |
| 19:54 | link_chaos · first_market_buy 100 food |
| 20:48 | link_chaos · wall_segment Palisade Wall x2 |
| 21:29 | se7e · age_up castle |
| 22:32 | link_chaos · wall_segment Palisade Wall x3 |
| 22:48 | link_chaos · age_up castle |
| 23:26 | link_chaos · wall_segment Palisade Wall x1 |
| 27:50 | se7e · first_building Siege Workshop |
| 28:44 | se7e · first_market_sell 100 food |
| 28:45 | link_chaos · first_building Siege Workshop |
| 34:14 | se7e · first_building Castle |
| 36:33 | link_chaos · first_building Castle |
| 39:25 | se7e · first_building Monastery |
| 39:54 | link_chaos · wall_segment Palisade Wall x7 |
| 39:59 | link_chaos · wall_segment Palisade Wall x3 |
| 40:07 | link_chaos · wall_segment Palisade Wall x1 |
| 42:17 | link_chaos · age_up imperial |
| 43:28 | se7e · age_up imperial |
| 50:58 | link_chaos · first_building Monastery |
| 56:58 | se7e · first_building Stable |
| 64:29 | link_chaos · resign |
[ AI ANALYSIS · 1 CREDIT ]
What really happened in this match?
Wolo.gg analyzes every decision: build order, eco, micro, common mistakes by bracket. Personalized analysis on WhatsApp or Discord in 30 seconds.
Civ guide
Celts
Perfil
Jugador #675842